 Dungeon Crawl Stone Soup version 0.26-a0-1033-gd598b01645 (webtiles) character file.

Game seed: 13229901568639221113

224 tzalcoatl the Cutter (level 6, 0/42 HPs)
             Began as a Halfling Abyssal Knight on Dec 10, 2020.
             Was a Priest of Lugonu.
             Succumbed to Sigmund's poison
             ... on level 4 of the Dungeon.
             The game lasted 00:28:31 (3878 turns).

tzalcoatl the Cutter (Halfling Abyssal Knight)      Turns: 3878, Time: 00:28:31

Health: 0/42       AC:  6    Str: 12 (15) XL:     6   Next: 20%
Magic:  7/7        EV: 12    Int:  8 (10) God:    Lugonu [***...]
Gold:   155        SH:  4    Dex: 11 (14) Spells: 5/5 levels left

rFire    . . .     SeeInvis .   b - +0 falchion
rCold    . . .     Faith    .   q - +0 buckler
rNeg     . . .     Spirit   .   j - +0 ring mail
rPois    .         Reflect  .   d - +0 helmet
rElec    .         Harm     .   (no cloak)
rCorr    .         Rampage  .   (no gloves)
Will     ++...                  (no boots)
Stlth    ++........             (no amulet)
HPRegen  0.14/turn              o - ring of willpower
MPRegen  0.10/turn              h - ring of willpower

@: mighty, lethally poisoned (0 -> -3)
A: small, talons 1, mutation resistance 1
a: Depart the Abyss, Bend Space, Banish, Renounce Religion


You were on level 4 of the Dungeon.
You worshipped Lugonu.
Lugonu was most pleased with you.
You visited 1 branch of the dungeon, and saw 4 of its levels.
You visited the Abyss 1 time.
You also visited: Sewer.

You collected 155 gold pieces.

Inventory:

Hand Weapons
 a - a +0 rapier
 b - a +0 falchion (weapon)
 c - a +2 vorpal spear
Missiles
 f - 78 stones
Armour
 d - a +0 helmet (worn)
 j - a +0 ring mail (worn)
 q - a +0 buckler (worn)
Jewellery
 h - a ring of willpower (right hand)
 o - a ring of willpower (left hand)
Scrolls
 i - 5 scrolls of teleportation
 l - a scroll of enchant weapon
 m - 3 scrolls of remove curse
 n - 3 scrolls of fog {unknown}
Potions
 k - 3 potions of brilliance
 r - 2 potions of flight


   Skills:
 - Level 3.0 Fighting
 * Level 4.9 Short Blades
 - Level 2.1 Armour
 + Level 2.5 Dodging
 * Level 3.9 Stealth
 + Level 0.5 Shields
 - Level 2.0 Invocations


You had 5 spell levels left.
You didn't know any spells.
Your spell library was empty.

Dungeon Overview and Level Annotations

Branches:
Dungeon (4/15)              Sewer (visited)
 Temple: D:4-7

Altars:

Annotations:
D:4 Sigmund


Innate Abilities, Weirdness & Mutations

You are small and have problems with some larger weapons.
You are somewhat resistant to further mutation.
You have sharp toenails.


Message History

The magic dart hits you.
* * * LOW HITPOINT WARNING * * *
It was a potion of might.
You feel very mighty all of a sudden. Sigmund casts a spell at you.
The puff of flame misses you.
It was a potion of magic.
Magic courses through your body.
* * * LOW HITPOINT WARNING * * *
You feel sick.
Sigmund casts a spell.
Sigmund flickers and vanishes!
Deactivating autopickup; reactivate with Ctrl-A.
Okay, then.
As you read the scroll of fear, it crumbles to dust.
You assume a fearsome visage.
The leopard gecko zombie is unaffected.
The jackal zombie is unaffected.
The orc wizard looks frightened!
The orc looks frightened!
The orc wizard casts a spell.
The orc wizard blinks!
You die...

####### #.....# ##.....#
#$.....# #..P...# #......####
### # #..ZP...Z?# ..#.#
##.#.#+###.####.#.###
#.....>....Z.@....... ...
#o###......####.##### .B # #)#
#.o...#....(....# #.# #.
##.####.#....###.###.#####..##.
#..............................
#########.##.#######.######.###
#...)............##....
###..........###.###.##
#..........# #.# #.##


You could see an orc (fleeing) and a jackal zombie.

Vanquished Creatures
  A worker ant (D:4)
  A hound zombie (D:4)
  A worker ant zombie (D:4)
  3 gnolls (D:2)
  3 adders
  5 oozes
  3 worms (Sewer)
  2 dart slugs (D:1)
  2 leopard geckos (Sewer)
  2 orcs
  2 ball pythons
  15 bats
  5 giant cockroaches
  3 goblins (D:1)
  6 hobgoblins
  9 jackals
  A ball python skeleton (D:4)
  6 frilled lizards
  8 kobolds
  9 rats
87 creatures vanquished.

Notes
Turn   | Place    | Note
-------+----------+-------------------------------------------
     0 | Abyss:1  | tzalcoatl the Halfling Abyssal Knight began the quest for
                  | the Orb.
     0 | Abyss:1  | Reached XP level 1. HP: 15/15 MP: 2/2
     0 | Abyss:1  | Found a corrupted altar of Lugonu.
    36 | Abyss:1  | Found a corrupted altar of Lugonu.
    60 | D:1      | Escaped the Abyss
   215 | D:1      | Reached XP level 2. HP: 18/20 MP: 3/3
   526 | D:1      | Reached skill level 1 in Stealth
   652 | D:1      | Reached skill level 3 in Short Blades
   780 | D:1      | Reached XP level 3. HP: 26/26 MP: 4/4
  1134 | D:2      | Reached XP level 4. HP: 13/31 MP: 5/5
  1391 | D:2      | You fall into a shaft and drop 1 floor!
  1450 | D:3      | Reached ** piety under Lugonu
  1593 | D:3      | Found a glowing drain.
  1616 | Sewer    | Entered a sewer
  1638 | Sewer    | Gained mutation: You have sharp toenails. [potion of
                  | mutation]
  1647 | Sewer    | Reached skill level 4 in Short Blades
  1869 | Sewer    | Reached XP level 5. HP: 36/36 MP: 6/6
  2944 | D:3      | Reached *** piety under Lugonu
  3469 | D:4      | Noticed an ogre
  3573 | D:4      | Reached XP level 6. HP: 29/42 MP: 7/7
  3736 | D:4      | Noticed Sigmund
  3873 | D:4      | HP: 2/42 [poisoned by Sigmund]
  3878 | D:4      | Succumbed to Sigmund's poison

Illustrated notes

Levels and vault maps discovered:
D:1:      shiori_arrival_oz, layout_loops_ring
D:2:      layout_basic, grunt_temple_overflow_holy_war,
          chequers_temple_overflow_minitemple, serial_curves, eino_curves_02,
          eino_curves_01, uniq_crazy_yiuf_cottage
D:3:      layout_loops_ring, portal_sewer_entry_d
D:4:      layout_basic, serial_undead, serial_undead_a, serial_undead_d,
          serial_undead_e, serial_undead_d, serial_undead_c, serial_undead_a,
          uniq_sigmund

Skill      XL: |  1  2  3  4  5 |
---------------+----------------+-----
Stealth        | 1 2 3 |  3.9
Short Blades   | 3 4 |  4.9
Fighting       | 3 |  3.0
Dodging        | 2 |  2.5
Armour         | |  2.1
Shields        | |  0.5
Invocations    | |  2.0

Action                   |  1- 3 |  4- 6 || total
-------------------------+-------+-------++-------
Melee: Short sword       |    63 |    73 ||   136
       Spear             |    15 |    37 ||    52
       Falchion          |       |   126 ||   126
       Kick              |       |    54 ||    54
Invok: Bend Space        |       |    10 ||    10
  Use: Scroll            |     1 |     5 ||     6
       Potion            |       |     6 ||     6
 Stab: Sleeping          |     2 |     4 ||     6
Armor: Leather armour    |     7 |       ||     7
       Ring mail         |     7 |    93 ||   100
Dodge: Dodged            |    30 |   193 ||   223
Block: Buckler           |       |     6 ||     6
       Rpst.: Falchion   |       |    37 ||    37

Table legend: (Time is in decaauts)
 A = Elapsed time spent in this place.
 B = Non-inter-level travel time spent in this place.
 C = Inter-level travel time spent in this place.
 D = Time resting spent in this place.
 E = Time spent auto-exploring this place.
 F = Levels seen in this place.
 G = Mean time per level.
                   A        B        C        D        E       F      G
               +--------+--------+--------+--------+--------+-----+--------+
         Total |   4144 |   4122 |     22 |    877 |   1653 |   6 |  690.7 |
       Dungeon |   2615 |   2593 |     22 |    541 |   1100 |   4 |  653.8 |
         Abyss |     60 |     60 |      0 |      0 |      4 |   1 |   60.0 |
         Sewer |   1468 |   1468 |      0 |    336 |    549 |   1 | 1468.0 |
               +--------+--------+--------+--------+--------+-----+--------+

Top non-repeatable levels by time:
   Sewer: 1468 daAuts
     D:1: 1023 daAuts
     D:3: 939 daAuts
     D:4: 351 daAuts
     D:2: 301 daAuts
 Abyss:1: 60 daAuts
